 Dungeon Crawl Stone Soup version 0.21.1 (webtiles) character file.

111 Zhenya24pyc the Skirmisher (level 4, -1/30 HPs)
             Began as a Gargoyle Fighter on Feb 2, 2018.
             Slain by Sigmund
             ... wielding a +0 scythe
              (9 damage)
             ... on level 3 of the Dungeon.
             The game lasted 00:02:55 (1785 turns).

Zhenya24pyc the Skirmisher (Gargoyle Fighter)       Turns: 1785, Time: 00:02:56

Health: -1/30      AC: 11    Str: 24    XL:     4   Next: 92%
Magic:  4/4        EV:  7    Int:  8    God:
Gold:   120        SH:  9    Dex:  9    Spells: 3/3 levels left

rFire    . . .     SeeInvis .   a - +0 flail
rCold    . . .     Gourm    .   c - +0 shield
rNeg     + . .     Faith    .   b - +0 scale mail
rPois    ∞         Spirit   .   (no helmet)
rElec    +         Reflect  .   (no cloak)
rCorr    .         Harm     .   k - +0 pair of gloves {Str+3}
MR       .....                  (no boots)
Stlth    ..........             (no amulet)
HPRegen  0.10/turn              (no ring)
MPRegen  0.09/turn              (no ring)

@: no status effects
A: negative energy resistance 1, electricity resistance, unbreathing,
petrification resistance, rot immunity, AC +3
a: no special abilities


You were on level 3 of the Dungeon.
You were not hungry.

You visited 1 branch of the dungeon, and saw 3 of its levels.

You collected 120 gold pieces.

Inventory:

Hand Weapons
 a - a +0 flail (weapon)
Armour
 b - a +0 scale mail (worn)
 c - a +0 shield (worn)
 k - a +0 pair of gloves of strength (worn)
Scrolls
 e - 2 scrolls of blinking {unknown}
 h - 2 scrolls of teleportation {unknown}
 j - 2 scrolls of remove curse {unknown}
 l - a scroll of amnesia {unknown}
 m - 2 scrolls of random uselessness {unknown}
 n - 2 scrolls of magic mapping {unknown}
 o - a scroll of enchant weapon {unknown}
 p - a scroll of identify {unknown}
 s - 2 scrolls of fear {unknown}
 t - a scroll of fog {unknown}
Potions
 d - a potion of might
 g - a potion of invisibility {unknown}
 q - a potion of curing {unknown}
 r - a potion of lignification {unknown}
Comestibles
 f - 7 rations
 i - 2 chunks of flesh


   Skills:
 + Level 4.3 Fighting
 * Level 4.2 Maces & Flails
 - Level 3.2 Armour
 - Level 3.2 Shields


You had 3 spell levels left.
You didn't know any spells.

Dungeon Overview and Level Annotations

Branches:
Dungeon (3/15)

Altars:
Dithmenos

Annotations:
D:3 Sigmund


Innate Abilities, Weirdness & Mutations

You are resistant to torment.
Your stone body is resilient. (AC +3)
You are immune to poison.
You resist negative energy. (rN+)
You are resistant to electric shocks. (rElec)
You can survive without breathing.
You are immune to petrification.
You are immune to rotting.


Message History

You're too confused to attack without stumbling around!
You're too confused to attack without stumbling around!
You're too confused to attack without stumbling around!
You're too confused to attack without stumbling around!
You're too confused to attack without stumbling around!
You're too confused to attack without stumbling around!
Something hits you! Something hits you.
You completely miss something. Something hits you.
You hear some strange, mumbled words.
Something tries to affect you, but you resist.
Something hits you.
You're too confused to move!
You feel less confused. Something hits you.
* * * LOW HITPOINT WARNING * * *
Some of the chunks of flesh in your inventory have rotted away.
You miss something. You miss something. Something hits you!
You die...

## .# .### ...## ###
.... ..###############
...# #...............##
.## #.#######.@{......
.######.#######..####.##
..)...........?..#
.######.########.# .#
#.# #.)# .# #.# #.##.#
.######.# #.##.##...
........# #.##.##..#
######### #.##.##..#


There were no monsters in sight!

Vanquished Creatures
  Terence (D:3)
  2 adders
  An ooze (D:2)
  A worm (D:3)
  3 dart slugs
  3 leopard geckos
  7 bats
  4 giant cockroaches (D:3)
  3 goblins
  5 hobgoblins
  A quokka (D:2)
  3 ball pythons
  5 frilled lizards
  7 kobolds
  6 rats
52 creatures vanquished.

Notes
Turn   | Place    | Note
-------+----------+-------------------------------------------
     0 | D:1      | Zhenya24pyc the Gargoyle Fighter began the quest for the Orb.
     0 | D:1      | Reached XP level 1. HP: 14/14 MP: 1/1
   213 | D:1      | Reached XP level 2. HP: 19/19 MP: 2/2
   848 | D:2      | Reached XP level 3. HP: 24/24 MP: 3/3
  1389 | D:3      | Noticed Terence
  1394 | D:3      | Killed Terence
  1394 | D:3      | Reached XP level 4. HP: 25/29 MP: 4/4
  1491 | D:3      | Found a shadowy altar of Dithmenos.
  1769 | D:3      | Noticed Sigmund
  1785 | D:3      | Slain by Sigmund

Skill      XL: |  1  2  3  4 |
---------------+-------------+-----
Maces & Flails | 3 4 |  4.2
Fighting       | 4 |  4.3
Armour         | |  3.2
Shields        | |  3.2

Action                   |  1- 3 |  4- 6 || total
-------------------------+-------+-------++-------
Melee: Flail             |   118 |    81 ||   199
  Eat: Chunk             |     2 |     1 ||     3
Armor: Scale mail        |    72 |    33 ||   105
Dodge: Dodged            |    36 |    28 ||    64
Block: Shield            |    61 |    45 ||   106
